PAAA
SALT LAKE CITY BUZZ @ TORTOLITA DRUMMERS
07/11/2022
 
TOP OF THE 1ST
Salt Lake City Buzz batting - Pitching for Tortolita Drummers : RHP Luis Ríos
Pitching: RHP Luis Ríos
Batting: RHB Roberto Ríos 0-0: SINGLE (Line Drive, 56D)
Batting: SHB Carlton Reed 0-0: Called Strike
0-1: Foul Ball, location: 2F
0-2: Ball
1-2: Ball
2-2: Foul Ball, location: 2F
2-2: Ball
3-2: Ground out 1-3 (Groundball, 15)
Roberto Ríos to second
Batting: RHB Oliver Aranda 0-0: Ground out 5-3 (Groundball, 5)
Batting: RHB Miguel Vidro 0-0: Swinging Strike
0-1: Ball
1-1: Ball
2-1: Ball
3-1: Fly out, F4 (Popup, 4D)
Top of the 1st over - 0 run(s), 1 hit(s), 0 error(s), 1 left on base; Salt Lake City 0 - Tortolita 0
BOTTOM OF THE 1ST
Tortolita Drummers batting - Pitching for Salt Lake City Buzz : RHP Huai-yu Kan
Pitching: RHP Huai-yu Kan
Batting: SHB Mauro López 0-0: Called Strike
0-1: Ball
1-1: Called Strike
1-2: Ball
2-2: Ground out 4-3 (Groundball, 4M)
Batting: RHB Ignacio Rodríguez 0-0: Ground out 6-3 (Groundball, 6)
Batting: RHB Lonnie Conrad 0-0: Swinging Strike
0-1: Foul Ball, location: 2F
0-2: Fly out, F5 (Popup, 5SF)
Bottom of the 1st over - 0 run(s), 0 hit(s), 0 error(s), 0 left on base; Salt Lake City 0 - Tortolita 0
TOP OF THE 2ND
Salt Lake City Buzz batting - Pitching for Tortolita Drummers : RHP Luis Ríos
Batting: RHB Patrick Clark 0-0: SINGLE (Groundball, 56D)
Batting: RHB Ichiyo Fujii 0-0: Ball
1-0: Called Strike
1-1: SINGLE (Line Drive, 89S)
Patrick Clark to second
Batting: RHB Zach Lewis 0-0: Grounds into double play, 4-6-3 (Groundball, 4)
Patrick Clark to third
Batting: RHB Jim Coffey 0-0: Ball
1-0: Swinging Strike
1-1: Ball
2-1: Foul Ball, location: 2F
2-2: Strikes out swinging
Top of the 2nd over - 0 run(s), 2 hit(s), 0 error(s), 1 left on base; Salt Lake City 0 - Tortolita 0
BOTTOM OF THE 2ND
Tortolita Drummers batting - Pitching for Salt Lake City Buzz : RHP Huai-yu Kan
Batting: SHB Will Brock 0-0: Foul Ball, location: 2F
0-1: Ball
1-1: Swinging Strike
1-2: Ball
2-2: Ground out 4-3 (Groundball, 34)
Batting: SHB Dan Godwin 0-0: Ball
1-0: Ball
2-0: Foul Ball, location: 2F
2-1: Ground out 6-3 (Groundball, 6M)
Batting: RHB Jim Harris 0-0: Ball
1-0: Ball
2-0: Swinging Strike
2-1: Foul Ball, location: 2F
2-2: Foul Ball, location: 2F
2-2: Fly out, F9 (Popup, 9M)
Bottom of the 2nd over - 0 run(s), 0 hit(s), 0 error(s), 0 left on base; Salt Lake City 0 - Tortolita 0
TOP OF THE 3RD
Salt Lake City Buzz batting - Pitching for Tortolita Drummers : RHP Luis Ríos
Batting: RHB Don MacNeilage 0-0: Ball
1-0: Swinging Strike
1-1: Called Strike
1-2: Strikes out swinging
Batting: RHB Roberto Ríos 0-0: Fly out, F8 (Flyball, 8LM)
Batting: SHB Carlton Reed 0-0: Foul Ball, location: 2F
0-1: Called Strike
0-2: Ball
1-2: SINGLE (Groundball, 34D)
Batting: RHB Oliver Aranda 0-0: Ball
1-0: Foul Ball, location: 2F
1-1: Called Strike
1-2: Ball
2-2: SINGLE (Groundball, 56)
Carlton Reed to second
Batting: RHB Miguel Vidro 0-0: Foul Ball, location: 2F
0-1: Ball
1-1: Swinging Strike
1-2: Fly out, F8 (Flyball, 8RM)
Top of the 3rd over - 0 run(s), 2 hit(s), 0 error(s), 2 left on base; Salt Lake City 0 - Tortolita 0
BOTTOM OF THE 3RD
Tortolita Drummers batting - Pitching for Salt Lake City Buzz : RHP Huai-yu Kan
Batting: SHB Roger Wheeler 0-0: Called Strike
0-1: Ball
1-1: Foul Ball, location: 2F
1-2: Strikes out swinging
Batting: LHB Raúl Andrade 0-0: Called Strike
0-1: Foul Ball, location: 2F
0-2: Strikes out swinging
Batting: SHB Cedric Fields 0-0: Called Strike
0-1: Hit by Pitch
Batting: SHB Mauro López 0-0: Called Strike
0-1: Called Strike
0-2: Foul Ball, location: 2F
0-2: Foul Ball, location: 2F
0-2: Ball
1-2: Ball
2-2: Fly out, F5 (Popup, 5F)
Bottom of the 3rd over - 0 run(s), 0 hit(s), 0 error(s), 1 left on base; Salt Lake City 0 - Tortolita 0
TOP OF THE 4TH
Salt Lake City Buzz batting - Pitching for Tortolita Drummers : RHP Luis Ríos
Batting: RHB Patrick Clark 0-0: Ball
1-0: Foul Ball, location: 2F
1-1: Foul Ball, location: 2F
1-2: Ball
2-2: Foul Ball, location: 2F
2-2: Foul Ball, location: 2F
2-2: Strikes out looking
Batting: RHB Ichiyo Fujii 0-0: Called Strike
0-1: Bunt missed!
0-2: Ball
1-2: Foul Ball, location: 2F
1-2: SINGLE (Groundball, 25) (infield hit)
Batting: RHB Zach Lewis 0-0: Ball
1-0: Ball
2-0: Foul Ball, location: 2F
2-1: Fielders Choice at 2nd, 4-6 (Groundball, 4)
Batting: RHB Jim Coffey 0-0: Called Strike
0-1: Called Strike
0-2: Foul Ball, location: 2F
0-2: Foul Ball, location: 2F
0-2: Foul Ball, location: 2F
0-2: Fly out, F7 (Line Drive, 78S)
Top of the 4th over - 0 run(s), 1 hit(s), 0 error(s), 1 left on base; Salt Lake City 0 - Tortolita 0
BOTTOM OF THE 4TH
Tortolita Drummers batting - Pitching for Salt Lake City Buzz : RHP Huai-yu Kan
Batting: RHB Ignacio Rodríguez 0-0: Ball
1-0: SINGLE (Flyball, 8RS)
Batting: RHB Lonnie Conrad 0-0: Called Strike
0-1: SINGLE (Groundball, 56)
Ignacio Rodríguez to second
Batting: SHB Will Brock 0-0: Called Strike
0-1: SINGLE (Line Drive, 9S)
Ignacio Rodríguez to third
Lonnie Conrad to second
Batting: SHB Dan Godwin 0-0: Called Strike
0-1: Ball
1-1: DOUBLE (Flyball, 89M)
Ignacio Rodríguez scores
Lonnie Conrad scores
Will Brock to third
Batting: RHB Jim Harris 0-0: Swinging Strike
0-1: Ball
1-1: Ground out 6-3 (Groundball, 6)
Will Brock scores
Batting: SHB Roger Wheeler 0-0: Called Strike
0-1: Ball
1-1: Called Strike
1-2: Foul Ball, location: 2F
1-2: Ground out 6-3 (Groundball, 6M)
Dan Godwin to third
Batting: LHB Raúl Andrade 0-0: Ball
1-0: Foul Ball, location: 2F
1-1: Foul Ball, location: 2F
1-2: Ground out U3 (Groundball, 3L)
Bottom of the 4th over - 3 run(s), 4 hit(s), 0 error(s), 1 left on base; Salt Lake City 0 - Tortolita 3
TOP OF THE 5TH
Salt Lake City Buzz batting - Pitching for Tortolita Drummers : RHP Luis Ríos
Batting: RHB Don MacNeilage 0-0: DOUBLE (Flyball, 89XD)
Batting: RHB Roberto Ríos 0-0: Called Strike
0-1: Foul Ball, location: 2F
0-2: Strikes out swinging
Batting: SHB Carlton Reed 0-0: Foul Ball, location: 2F
0-1: Ball
1-1: Fly out, F6 (Popup, 56)
Batting: RHB Oliver Aranda 0-0: Foul Ball, location: 2F
0-1: Foul Ball, location: 2F
0-2: Ball
1-2: SINGLE (Groundball, 6) (infield hit)
Don MacNeilage to third
Batting: RHB Miguel Vidro 0-0: Ball
1-0: Called Strike
1-1: Swinging Strike
1-2: SINGLE (Line Drive, 56D)
Don MacNeilage scores
Oliver Aranda to second
Batting: RHB Patrick Clark 0-0: Ball
1-0: Ball
2-0: Called Strike
2-1: Ground out 5-3 (Groundball, 56S)
Top of the 5th over - 1 run(s), 3 hit(s), 0 error(s), 2 left on base; Salt Lake City 1 - Tortolita 3
BOTTOM OF THE 5TH
Tortolita Drummers batting - Pitching for Salt Lake City Buzz : RHP Huai-yu Kan
Batting: SHB Cedric Fields 0-0: Swinging Strike
0-1: Ball
1-1: Ball
2-1: Fly out, F5 (Popup, 5F)
Batting: SHB Mauro López 0-0: Fly out, F5 (Popup, 5DF)
Batting: RHB Ignacio Rodríguez 0-0: Ball
1-0: SINGLE (Flyball, 8RS)
Batting: RHB Lonnie Conrad 0-0: Called Strike
0-1: Called Strike
0-2: Ball
1-2: Ball
2-2: Fly out, F8 (Flyball, 8LD)
Bottom of the 5th over - 0 run(s), 1 hit(s), 0 error(s), 1 left on base; Salt Lake City 1 - Tortolita 3
TOP OF THE 6TH
Salt Lake City Buzz batting - Pitching for Tortolita Drummers : RHP Luis Ríos
Batting: RHB Ichiyo Fujii 0-0: Ball
1-0: Foul Ball, location: 2F
1-1: SINGLE (Groundball, 5)
Batting: RHB Zach Lewis 0-0: Ball
Ichiyo Fujii is caught stealing 2nd base
1-0: Foul Ball, location: 2F
1-1: Swinging Strike
1-2: Ball
2-2: Ball
3-2: Foul Ball, location: 2F
3-2: Strikes out swinging
Batting: RHB Jim Coffey 0-0: Called Strike
0-1: Foul Ball, location: 2F
0-2: Strikes out looking
Top of the 6th over - 0 run(s), 1 hit(s), 0 error(s), 0 left on base; Salt Lake City 1 - Tortolita 3
BOTTOM OF THE 6TH
Tortolita Drummers batting - Pitching for Salt Lake City Buzz : RHP Huai-yu Kan
Batting: SHB Will Brock 0-0: Ground out 4-3 (Groundball, 4S)
Batting: SHB Dan Godwin 0-0: Foul Ball, location: 2F
0-1: Foul Ball, location: 2F
0-2: SINGLE (Groundball, 34D)
Batting: RHB Jim Harris 0-0: Ball
1-0: Grounds into double play, 2-4-3 (Groundball, 2L)
Bottom of the 6th over - 0 run(s), 1 hit(s), 0 error(s), 0 left on base; Salt Lake City 1 - Tortolita 3
TOP OF THE 7TH
Salt Lake City Buzz batting - Pitching for Tortolita Drummers : RHP Luis Ríos
Batting: RHB Don MacNeilage 0-0: Ball
1-0: Ball
2-0: Ball
3-0: Called Strike
3-1: Foul Ball, location: 2F
3-2: Ground out 5-3 (Groundball, 5L)
Batting: RHB Roberto Ríos 0-0: Ball
1-0: Foul Ball, location: 2F
1-1: Ball
2-1: Fly out, F9 (Flyball, 9S)
Batting: SHB Carlton Reed 0-0: Fly out, F7 (Flyball, 7M)
Top of the 7th over - 0 run(s), 0 hit(s), 0 error(s), 0 left on base; Salt Lake City 1 - Tortolita 3
BOTTOM OF THE 7TH
Tortolita Drummers batting - Pitching for Salt Lake City Buzz : RHP Huai-yu Kan
Batting: SHB Roger Wheeler 0-0: Ball
1-0: Foul Ball, location: 2F
1-1: Foul Ball, location: 2F
1-2: Ball
2-2: Strikes out swinging
Batting: LHB Raúl Andrade 0-0: Called Strike
0-1: Ball
1-1: Foul Ball, location: 2F
1-2: SINGLE (Groundball, 15S) (infield hit)
Batting: SHB Cedric Fields 0-0: SINGLE (Groundball, 5D)
Raúl Andrade to second
Pinch Hitting: SHB Jim Unknown 0-0: Called Strike
0-1: Foul Ball, location: 2F
0-2: Ball
1-2: Ball
2-2: Ball
3-2: Base on Balls
Raúl Andrade to third
Cedric Fields to second
Pitching: RHP John Dufour
Batting: RHB Ignacio Rodríguez 0-0: Ground out 4-3 (Groundball, 4M)
Raúl Andrade scores
Cedric Fields to third
Jim Unknown to second
Batting: RHB Lonnie Conrad 0-0: Ball
1-0: Ball
2-0: Called Strike
2-1: Ground out 1-3 (Groundball, 13S)
Bottom of the 7th over - 1 run(s), 2 hit(s), 0 error(s), 2 left on base; Salt Lake City 1 - Tortolita 4
TOP OF THE 8TH
Salt Lake City Buzz batting - Pitching for Tortolita Drummers : RHP Luis Ríos
Now in LF: Jim Unknown
Batting: RHB Oliver Aranda 0-0: Ball
1-0: Foul Ball, location: 2F
1-1: Foul Ball, location: 2F
1-2: Foul Ball, location: 2F
1-2: SOLO HOME RUN (Line Drive, 7D), Distance : 351 ft
Pitching: LHP Hildebrand Claessens
Batting: RHB Miguel Vidro 0-0: Ball
1-0: Called Strike
1-1: Ball
2-1: Ball
3-1: Base on Balls
Pitching: LHP Steven Hodnett
Batting: RHB Patrick Clark 0-0: Ball
1-0: Called Strike
1-1: Ball
2-1: Fly out, F7 (Flyball, 78S)
Batting: RHB Ichiyo Fujii 0-0: Called Strike
0-1: Ball
1-1: SINGLE (Groundball, 6D)
Miguel Vidro to second
Pitching: LHP Ricardo Ávila
Batting: RHB Zach Lewis 0-0: Foul Ball, location: 2F
0-1: Hit by Pitch
Miguel Vidro to third
Ichiyo Fujii to second
Batting: RHB Jim Coffey 0-0: Swinging Strike
0-1: Foul Ball, location: 2F
0-2: Ball
1-2: Strikes out swinging
Pinch Hitting: SHB Felipe González 0-0: Swinging Strike
0-1: Ball
1-1: Fielders Choice at 2nd, U6 (Groundball, 6M)
Top of the 8th over - 1 run(s), 2 hit(s), 0 error(s), 3 left on base; Salt Lake City 2 - Tortolita 4
BOTTOM OF THE 8TH
Tortolita Drummers batting - Pitching for Salt Lake City Buzz : RHP John Dufour
Now at 3B: Jorge Torrez
Batting: SHB Will Brock 0-0: Called Strike
0-1: Ball
1-1: Ball
2-1: Swinging Strike
2-2: Foul Ball, location: 2F
2-2: Fly out, F8 (Popup, 89S)
Batting: SHB Dan Godwin 0-0: Fly out, F9 (Flyball, 9S)
Batting: RHB Jim Harris 0-0: Swinging Strike
0-1: Ball
1-1: Ball
2-1: Ball
3-1: Base on Balls
Batting: SHB Roger Wheeler 0-0: Ball
1-0: Called Strike
1-1: Called Strike
1-2: Foul Ball, location: 2F
1-2: Foul Ball, location: 2F
1-2: Fly out, F7 (Flyball, 7LMF)
Bottom of the 8th over - 0 run(s), 0 hit(s), 0 error(s), 1 left on base; Salt Lake City 2 - Tortolita 4
TOP OF THE 9TH
Salt Lake City Buzz batting - Pitching for Tortolita Drummers : LHP Ricardo Ávila
Pitching: RHP Pete Wood
Batting: RHB Roberto Ríos 0-0: Called Strike
0-1: SINGLE (Groundball, 6MD)
Batting: SHB Carlton Reed 0-0: Ball
1-0: Ball
2-0: Fly out, F4 (Popup, 4D)
Batting: RHB Oliver Aranda 0-0: Ball
1-0: Ball
2-0: SINGLE (Groundball, 34)
Roberto Ríos to second
Runner from 2nd tries for 3rd, SAFE, throw made to third
Oliver Aranda to second
Batting: RHB Miguel Vidro 0-0: Ball
1-0: Foul Ball, location: 2F
1-1: Swinging Strike
1-2: Ball
2-2: Strikes out swinging
Pinch Hitting: LHB Fernando González 0-0: Foul Ball, location: 2F
0-1: SINGLE (Groundball, 34S)
Roberto Ríos scores
Oliver Aranda to third
Runner from 3rd tries for Home, SAFE, no throw or cutoff
Batting: RHB Ichiyo Fujii 0-0: Ball
1-0: Ball
2-0: Fielders Choice at 2nd, U6 (Groundball, 6M)
Top of the 9th over - 2 run(s), 3 hit(s), 0 error(s), 1 left on base; Salt Lake City 4 - Tortolita 4
BOTTOM OF THE 9TH
Tortolita Drummers batting - Pitching for Salt Lake City Buzz : RHP John Dufour
Pitching: RHP Deron Kuhn
Now at C: George Huffman
Batting: LHB Raúl Andrade 0-0: Fly out, F8 (Flyball, 78M)
Pinch Hitting: LHB Adrián Franco 0-0: Foul Ball, location: 2F
0-1: Fly out, F8 (Flyball, 8RM)
Batting: SHB Jim Unknown 0-0: Called Strike
0-1: Fly out, F4 (Popup, 4M)
Bottom of the 9th over - 0 run(s), 0 hit(s), 0 error(s), 0 left on base; Salt Lake City 4 - Tortolita 4
TOP OF THE 10TH
Salt Lake City Buzz batting - Pitching for Tortolita Drummers : RHP Pete Wood
Now at 2B: Nick Reed
Batting: RHB Zach Lewis 0-0: Swinging Strike
0-1: Swinging Strike
0-2: Strikes out swinging
Batting: RHB Jim Coffey 0-0: Ball
1-0: Ball
2-0: Ball
3-0: Called Strike
3-1: SINGLE (Groundball, 6MD)
Batting: RHB Jorge Torrez 0-0: Ball
1-0: Grounds into double play, 3-6-3 (Groundball, 3)
Top of the 10th over - 0 run(s), 1 hit(s), 0 error(s), 0 left on base; Salt Lake City 4 - Tortolita 4
BOTTOM OF THE 10TH
Tortolita Drummers batting - Pitching for Salt Lake City Buzz : RHP Deron Kuhn
Batting: RHB Ignacio Rodríguez 0-0: Called Strike
0-1: Fly out, F7 (Flyball, 7M)
Batting: RHB Lonnie Conrad 0-0: Called Strike
0-1: Ball
1-1: Ball
2-1: Called Strike
2-2: Ball
3-2: SINGLE (Line Drive, 78S)
Batting: SHB Will Brock 0-0: Swinging Strike
0-1: Fly out, F6 (Popup, 56)
Batting: SHB Dan Godwin 0-0: Ball
1-0: SINGLE (Groundball, 4MD)
Lonnie Conrad to second
Runner from 2nd tries for 3rd, SAFE, throw made to third
Batting: RHB Jim Harris 0-0: Swinging Strike
0-1: Ball
1-1: Foul Ball, location: 2F
1-2: Ball
2-2: Ball
3-2: Fly out, F8 (Flyball, 8LM)
Bottom of the 10th over - 0 run(s), 2 hit(s), 0 error(s), 2 left on base; Salt Lake City 4 - Tortolita 4
TOP OF THE 11TH
Salt Lake City Buzz batting - Pitching for Tortolita Drummers : RHP Pete Wood
Pitching: LHP Jud Riggs
Batting: RHB Roberto Ríos 0-0: SINGLE (Line Drive, 6)
Batting: SHB Carlton Reed 0-0: Ball
1-0: Sac Bunt - play at first, batter OUT! 1-4
Roberto Ríos to second
Batting: RHB Oliver Aranda 0-0: Intentional Walk
Batting: RHB Miguel Vidro 0-0: Ball
1-0: Ball
2-0: Called Strike
2-1: Foul Ball, location: 2F
2-2: SINGLE (Groundball, 56D)
Roberto Ríos to third
Oliver Aranda to second
Runner from 3rd tries for Home, SAFE, no throw or cutoff
Pinch Hitting: RHB José Herrera 0-0: Called Strike
Oliver Aranda steals 3rd base
Miguel Vidro to second
0-1: SINGLE (Groundball, 6MD)
Oliver Aranda scores
Miguel Vidro to third
Runner from 3rd tries for Home, throw and OUT!
Batting: RHB Ichiyo Fujii 0-0: Ball
1-0: Ball
2-0: Called Strike
2-1: Ball
3-1: Base on Balls
José Herrera to second
Batting: RHB Zach Lewis 0-0: Ball
1-0: Foul Ball, location: 2F
1-1: Swinging Strike
1-2: Strikes out swinging
Top of the 11th over - 2 run(s), 3 hit(s), 0 error(s), 2 left on base; Salt Lake City 6 - Tortolita 4
BOTTOM OF THE 11TH
Tortolita Drummers batting - Pitching for Salt Lake City Buzz : RHP Deron Kuhn
Pitching: RHP John Weber
Now at C: José Herrera
Batting: SHB Roger Wheeler 0-0: Foul Ball, location: 2F
0-1: Swinging Strike
0-2: Foul Ball, location: 2F
0-2: Ground out 6-3 (Groundball, 6M)
Batting: LHB Raúl Andrade 0-0: Ball
1-0: SINGLE (Flyball, 8RS)
Pinch Hitting: LHB Jim Unknown 0-0: Called Strike
0-1: Foul Ball, location: 2F
0-2: Ball
1-2: Ball
2-2: Foul Ball, location: 2F
2-2: Foul Ball, location: 2F
2-2: Ball
3-2: Foul Ball, location: 2F
3-2: Base on Balls
Raúl Andrade to second
Batting: SHB Jim Unknown 0-0: DOUBLE (Line Drive, 89D)
Raúl Andrade scores
Jim Unknown to third
Batting: RHB Ignacio Rodríguez 0-0: Foul Ball, location: 2F
0-1: Ball
1-1: Ground out 6-3 (Groundball, 6)
Batting: RHB Lonnie Conrad 0-0: Ball
Wild Pitch!
Jim Unknown scores
Jim Unknown to third
1-0: Ball
2-0: Foul Ball, location: 2F
2-1: Swinging Strike
2-2: Strikes out swinging
Bottom of the 11th over - 2 run(s), 2 hit(s), 0 error(s), 1 left on base; Salt Lake City 6 - Tortolita 6
TOP OF THE 12TH
Salt Lake City Buzz batting - Pitching for Tortolita Drummers : LHP Jud Riggs
Now at 2B: Jorge Féliz
Batting: RHB Jim Coffey 0-0: Foul Ball, location: 2F
0-1: Ball
1-1: Foul Ball, location: 2F
1-2: Ball
2-2: Ball
3-2: Base on Balls
Batting: RHB Jorge Torrez 0-0: Sac Bunt - play at second, runner OUT! 5-6
Batting: RHB Roberto Ríos 0-0: Called Strike
0-1: Fly out, F8 (Line Drive, 8LM)
Batting: SHB Carlton Reed 0-0: Foul Ball, location: 2F
0-1: Ball
1-1: Called Strike
1-2: Ball
2-2: Ball
3-2: Base on Balls
Jorge Torrez to second
Batting: RHB Oliver Aranda 0-0: SINGLE (Flyball, 8RS)
Jorge Torrez to third
Carlton Reed to second
Runner from 3rd tries for Home, SAFE, no throw or cutoff
Pitching: RHP Dave Baker
Batting: RHB Miguel Vidro 0-0: Called Strike
0-1: Ball
1-1: Ground out 1-3 (Groundball, 13S)
Top of the 12th over - 1 run(s), 1 hit(s), 0 error(s), 2 left on base; Salt Lake City 7 - Tortolita 6
BOTTOM OF THE 12TH
Tortolita Drummers batting - Pitching for Salt Lake City Buzz : RHP John Weber
Batting: SHB Will Brock 0-0: Called Strike
0-1: Ground out U3 (Groundball, 3S)
Batting: SHB Dan Godwin 0-0: SINGLE (Groundball, 56)
Batting: RHB Jim Harris 0-0: Foul Ball, location: 2F
0-1: Foul Ball, location: 2F
0-2: Ball
1-2: Ball
2-2: Strikes out swinging
Pinch Hitting: LHB Gonzalo Féliz 0-0: Ball
1-0: Fly out, F7 (Flyball, 7LM)
Bottom of the 12th over - 0 run(s), 1 hit(s), 0 error(s), 1 left on base; Salt Lake City 7 - Tortolita 6
This league is powered by Out of the Park Baseball, the baseball management simulation game for PC, Mac and Linux
Friday, April 15th, 2016 - OOTP Baseball 16.9 Build 39